 Dungeon Crawl Stone Soup version 0.22-a0-398-g8bb545f033 (webtiles) character file.

219 Emanloe the Covered (level 5, -2/47 HPs)
             Began as a Minotaur Fighter on May 5, 2018.
             Slain by a gnoll
             ... wielding a +0 flail
              (9 damage)
             ... on level 2 of the Dungeon.
             The game lasted 00:03:55 (1405 turns).

Emanloe the Covered (Minotaur Fighter)              Turns: 1405, Time: 00:03:56

Health: -2/47      AC:  7    Str: 22    XL:     5   Next: 64%
Magic:  4/4        EV:  7    Int:  5    God:
Gold:   92         SH: 10    Dex:  9    Spells: 4/4 levels left

rFire    . . .     SeeInvis .   a - +0 war axe
rCold    . . .     Gourm    .   c - +0 shield
rNeg     . . .     Faith    .   b - +0 scale mail
rPois    .         Spirit   .   (helmet restricted)
rElec    .         Reflect  .   (no cloak)
rCorr    .         Harm     .   (no gloves)
MR       .....                  (no boots)
Stlth    ..........             (no amulet)
HPRegen  0.15/turn              (no ring)
MPRegen  0.09/turn              (no ring)

@: no status effects
A: retaliatory headbutt, horns 2
a: no special abilities


You were on level 2 of the Dungeon.
You were hungry.

You visited 1 branch of the dungeon, and saw 2 of its levels.

You collected 92 gold pieces.

Inventory:

Hand Weapons
 a - a +0 war axe (weapon)
Armour
 b - a +0 scale mail (worn)
 c - a +0 shield (worn)
Scrolls
 d - 2 scrolls of identify {unknown}
 g - a scroll of immolation {unknown}
 i - 2 scrolls of teleportation {unknown}
 k - a scroll of remove curse {unknown}
Potions
 e - a potion of cancellation
 j - 2 potions of mutation {unknown}
Comestibles
 f - 4 rations


   Skills:
 + Level 4.9 Fighting
 + Level 4.1 Axes
 + Level 5.0 Armour
 + Level 5.0 Shields


You had 4 spell levels left.
You didn't know any spells.

Dungeon Overview and Level Annotations

Branches:
Dungeon (2/15)

Altars:
The Shining One


Innate Abilities, Weirdness & Mutations

You reflexively headbutt those who attack you in melee.
You have a pair of horns on your head.


Message History

The frilled lizard bites you but does no damage.
Sorry, you're not good enough to have a special ability.
It was a potion of cancellation.
You feel magically purged. The gnoll hits you but does no damage.
You block the gnoll's attack.
The gnoll hits you from afar with a halberd!
The frilled lizard barely misses you. You furiously retaliate!
You headbutt the frilled lizard, but do no damage.
It was a potion of curing.
You feel better. You block the gnoll's attack. The gnoll hits you with a club.
The gnoll hits you with a flail!
The gnoll hits you from afar with a halberd!
* * * LOW HITPOINT WARNING * * *
The frilled lizard closely misses you.
You feel better. The gnoll hits you but does no damage.
You block the gnoll's attack. x2
The gnoll hits you from afar with a halberd!
* * * LOW HITPOINT WARNING * * *
You block the frilled lizard's attack.
You feel better. You block the gnoll's attack. x2
The gnoll hits you with a flail!
You die...

#. ........# #.
#....... ...
###......# .
...
#........#..
##.
#...........
... ...........
... #gggg.....
... ##.@l..#
... ##......#.
.. #...........
.....
####......##.#.
.....
#..........# ..
........
#.##.......# .
.....#..
#.##.......#
#...#..
#.##.......#
#+# #...#..
#.##.......#
#.###...#..


You could see 4 gnolls and a frilled lizard.

Vanquished Creatures
  Sigmund (D:2)
  An adder (D:2)
  An ooze (D:2)
  3 worms (D:2)
  A dart slug (D:1)
  A leopard gecko (D:2)
  4 bats
  6 giant cockroaches
  6 goblins
  7 hobgoblins
  4 jackals (D:2)
  4 frilled lizards (D:1)
  5 kobolds
  2 rats (D:2)
46 creatures vanquished.

Notes
Turn   | Place    | Note
-------+----------+-------------------------------------------
     0 | D:1      | Emanloe the Minotaur Fighter began the quest for the Orb.
     0 | D:1      | Reached XP level 1. HP: 19/19 MP: 0/0
    76 | D:1      | Reached XP level 2. HP: 26/27 MP: 1/1
   754 | D:2      | Reached XP level 3. HP: 24/33 MP: 2/2
   816 | D:2      | Noticed Sigmund
   826 | D:2      | Killed Sigmund
   826 | D:2      | Reached XP level 4. HP: 7/41 MP: 3/3
   826 | D:2      | Reached XP level 5. HP: 8/47 MP: 4/4
  1220 | D:2      | Found a glowing golden altar of the Shining One.
  1301 | D:2      | Reached skill level 5 in Armour
  1301 | D:2      | Reached skill level 5 in Shields
  1404 | D:2      | HP: 2/47 [gnoll/halberd (15)]
  1405 | D:2      | Slain by a gnoll

Vault maps used:
D:1:      dpeg_arrival_oval, minivault_5, minmay_pentomino_x4
D:2:      first_ration, tso_metal_star, uniq_sigmund

Skill      XL: |  1  2  3  4  5 |
---------------+----------------+-----
Armour         | 4 5 |  5.0
Shields        | 4 5 |  5.0
Fighting       | 4 |  4.9
Axes           | 3 4 |  4.1

Action                   |  1- 3 |  4- 6 || total
-------------------------+-------+-------++-------
Melee: War axe           |    94 |    24 ||   118
       Headbutt          |    11 |     7 ||    18
  Use: Potion            |     1 |     4 ||     5
  Eat: Chunk             |       |     1 ||     1
Armor: Scale mail        |    51 |    11 ||    62
Dodge: Dodged            |    26 |     5 ||    31
Block: Shield            |    67 |    20 ||    87

Table legend:
 A = Spawn XP
 B = Non-spawn XP
 C = Spawn XP percentage of total XP
 D = Spawn monster count
 E = Non-spawn monster count
 F = Spawn count percentage of total count
 G = Total turns spent on level
                    A         B        C        D         E        F      G
               +---------+---------+-------+---------+---------+-------+---------
         Total |       0 |     314 |   0.0 |       0 |      46 |   0.0 |  1405
               +---------+---------+-------+---------+---------+-------+---------
           D:1 |       0 |      37 |   0.0 |       0 |      21 |   0.0 |   744
           D:2 |       0 |     277 |   0.0 |       0 |      25 |   0.0 |   661
               +---------+---------+-------+---------+---------+-------+---------
